 Dungeon Crawl Stone Soup version 0.18.1-48-g4cf74bf (webtiles) character file.

381 Gargoyl the Covered (level 6, 0/48 HPs)
             Began as a Demonspawn Abyssal Knight on Aug 9, 2016.
             Was a Priest of Lugonu.
             Slain by Peloso's ghost (13 damage)
             ... on level 4 of the Dungeon.
             The game lasted 00:08:43 (5423 turns).

Gargoyl the Covered (Demonspawn Abyssal Knight)     Turns: 5423, Time: 00:08:43

Health: 0/48       AC: 10    Str: 14    XL:     6   Next: 46%
Magic:  7/7        EV: 10    Int: 14    God:    Lugonu [***...]
Gold:   181        SH:  0    Dex: 12    Spells: 0 memorised, 5 levels left

rFire  + . .     SeeInvis .     r - +1 war axe
rCold  . . .     Gourm    .     f - +1 scale mail
rNeg   . . .     Faith    .     (no shield)
rPois  +         Spirit   .     (helmet restricted)
rElec  .         Dismiss  .     (no cloak)
rCorr  +         Reflect  .     (no gloves)
SustAt .         Harm     .     (no boots)
MR     .....                    (no amulet)
Stlth  ..........               l - ring of protection from fire
                                d - ring of resist corrosion

@: not resistant to hostile enchantments, extremely unstealthy
A: antennae 2, slimy green scales 1, poison resistance
a: Depart the Abyss, Bend Space, Banish, Renounce Religion


You were on level 4 of the Dungeon.
You worshipped Lugonu.
Lugonu was most pleased with you.
You were very hungry.

You visited 1 branch of the dungeon, and saw 4 of its levels.
You visited the Abyss 1 time.

You collected 181 gold pieces.

Inventory:

Hand Weapons
 a - a +1 hand axe
 m - a +0 spear
 r - a +1 war axe (weapon)
Missiles
 g - 7 javelins of returning (quivered)
 k - 2 javelins
Armour
 f - a +1 scale mail (worn)
Jewellery
 d - a ring of resist corrosion (left hand)
 l - a ring of protection from fire (right hand)
Scrolls
 b - 2 scrolls of remove curse
 j - 2 scrolls of identify
 q - 2 scrolls of teleportation {unknown}
Potions
 o - 2 potions of curing {unknown}
 p - a potion of heal wounds
Comestibles
 c - 3 bread rations
 i - 4 meat rations


   Skills:
 + Level 4.1 Fighting
 + Level 2.8 Axes
 * Level 4.4 Armour
 + Level 2.6 Dodging
 + Level 0.4 Stealth
 + Level 2.5 Invocations


You had 5 spell levels left.
You didn't know any spells.

Dungeon Overview and Level Annotations

Branches:
Dungeon (4/15)
 Temple: D:4-7

Altars:
Ashenzari
Dithmenos
Gozag
Nemelex Xobeh

Annotations:
D:4 Peloso's ghost, amateur MiFi


Innate Abilities, Weirdness & Mutations

You have a pair of antennae on your head.
You are partially covered in slimy green scales (AC +2).
Your system is resistant to poisons.


Message History

Identify which item? (\ to view known items) (? for menu, Esc to quit)
b - 2 scrolls of remove curse Peloso's ghost hits you.
Read which item? (? for menu, Esc to quit)
As you read the scroll labeled NESOALOFRI, it crumbles to dust.
It is a scroll of enchant weapon.
Enchant which weapon? (? for menu, Esc to quit)
Your +0 war axe glows red for a moment.
Peloso's ghost hits you.
* * * LOW HITPOINT WARNING * * *
Read which item? (? for menu, Esc to quit)
As you read the scroll labeled LATE OPHYROADO, it crumbles to dust.
It is a scroll of enchant armour.
Enchant which item? (? for menu, Esc to quit)
Your +0 scale mail glows green for a moment.
Peloso's ghost barely misses you.
Read which item? (? for menu, Esc to quit)
As you read the scroll labeled XOW SUSID ESU, it crumbles to dust.
The scroll dissolves into smoke.
It was a scroll of fog.
Peloso's ghost hits you!
You die...

.###.##.........#
........#########
####.##.# #.##.#
####.##.# ###########
......#.# #.........#
#####.#.# #.......§.#
#.#.# #....§§§..##
#####.#.###....W@§...#
...............§§§......
#####....##...§.§.§..##.
#.....#..........#
#####....##.######....#
......#.###.Z.{..Z..#.#
....###.# ########.##$#
###.# #.# .# # #
#.###+##


You could see Peloso's ghost.

Vanquished Creatures
  The ghost of Agor the Grasshopper, an amateur SpWr (D:3)
  Blork the orc (D:4)
  Natasha (thrice) (D:2)
  4 gnolls
  3 adders (D:3)
  2 worms
  3 dart slugs
  10 giant geckos
  2 orcs (D:3)
  6 giant cockroaches
  16 goblins
  9 hobgoblins
  8 kobolds
  2 quokkas (D:2)
  A ball python (D:1)
  7 bats
  6 giant newts
  7 rats
91 creatures vanquished.

Notes
Turn   | Place    | Note
--------------------------------------------------------------
     0 | Abyss:1  | Gargoyl the Demonspawn Abyssal Knight began the quest for the Orb.
     0 | Abyss:1  | Reached XP level 1. HP: 18/18 MP: 2/2
    80 | Abyss:2  | Noticed a worldbinder
    83 | Abyss:2  | Noticed a jumping spider
    88 | Abyss:2  | Noticed a tarantella
    88 | D:1      | Escaped the Abyss
   107 | D:1      | Reached skill level 1 in Dodging
   298 | D:1      | Reached * piety under Lugonu
   444 | D:1      | Gained mutation: You have a pair of small antennae on your head. [demonic ancestry]
   444 | D:1      | Reached XP level 2. HP: 24/24 MP: 3/3
   994 | D:1      | Gained mutation: You have a pair of antennae on your head. [demonic ancestry]
   994 | D:1      | Reached XP level 3. HP: 24/29 MP: 4/4
  1366 | D:2      | Found a shadowy altar of Dithmenos.
  1391 | D:2      | Noticed Natasha
  1403 | D:2      | Gained mutation: Your system is resistant to poisons. [potion of beneficial mutation]
  1404 | D:2      | Killed Natasha
  1404 | D:2      | Reached ** piety under Lugonu
  1713 | D:2      | Reached XP level 4. HP: 24/36 MP: 5/5
  1882 | D:2      | Noticed Natasha
  1893 | D:2      | Killed Natasha
  2302 | D:2      | Noticed Natasha
  2490 | D:2      | Killed Natasha
  2776 | D:2      | Reached XP level 5. HP: 24/42 MP: 6/6
  3314 | D:3      | Found an opulent altar of Gozag.
  3377 | D:3      | Noticed Agor's ghost (amateur SpWr)
  3440 | D:3      | Killed Agor's ghost
  3787 | D:3      | Reached *** piety under Lugonu
  4011 | D:4      | Gained mutation: You are partially covered in slimy green scales (AC +2). [demonic ancestry]
  4011 | D:4      | Reached XP level 6. HP: 45/48 MP: 7/7
  4329 | D:3      | Found a shattered altar of Ashenzari.
  4842 | D:4      | Noticed Blork the orc
  4864 | D:4      | Killed Blork the orc
  5226 | D:4      | Found a sparkling altar of Nemelex Xobeh.
  5409 | D:4      | Noticed Peloso's ghost (amateur MiFi)
  5423 | D:4      | Slain by Peloso's ghost

Skill      XL: |  1  2  3  4  5 |
---------------+----------------+-----
Dodging        | 1 2 |  2.6
Armour         | 2 3 4 |  4.4
Axes           | 2 |  2.8
Fighting       | 4 |  4.1
Stealth        | |  0.4
Invocations    | |  2.5

Action                   |  1- 3 |  4- 6 || total
-------------------------+-------+-------++-------
Melee: Hand axe          |   114 |   315 ||   429
       War axe           |       |     3 ||     3
Invok: Depart the Abyss  |     1 |       ||     1
  Use: Potion            |     2 |     3 ||     5
       Scroll            |       |     8 ||     8
 Stab: Sleeping          |     1 |       ||     1
  Eat: Chunk             |     3 |    11 ||    14
Armor: Leather armour    |     9 |       ||     9
       Scale mail        |    56 |   173 ||   229
       Skin              |     2 |       ||     2
Dodge: Dodged            |    40 |   176 ||   216
